 Dungeon Crawl Stone Soup version 0.20.1-1-g8b1a95d (webtiles) character file.

2390 kae the Conjurer (level 9, 0/45 HPs)
             Began as a Tengu Fire Elementalist on Sept 25, 2017.
             Was a Believer of Vehumet.
             Slain by a centaur zombie (4 damage)
             ... on level 5 of the Dungeon.
             The game lasted 00:10:11 (8568 turns).

kae the Conjurer (Tengu Fire Elementalist)          Turns: 8568, Time: 00:10:12

Health: 0/45       AC:  4    Str:  8    XL:     9   Next: 46%
Magic:  24/27      EV: 16    Int: 20    God:    Vehumet [**....]
Gold:   225        SH:  0    Dex: 14    Spells: 2/18 levels left

rFire    + . .     SeeInvis .   i - +1 spear
rCold    x . .     Gourm    .   (no shield)
rNeg     . . .     Faith    .   a - +1 robe
rPois    .         Spirit   .   (helmet restricted)
rElec    .         Reflect  .   (no cloak)
rCorr    .         Harm     .   v - +0 pair of gloves
MR       .....                  (boots unavailable)
Stlth    +++.......             (no amulet)
Regen    0.2/turn               j - ring of fire
MPRegen  0.2/turn               q - ring of magical power

@: lethally poisoned (0 -> -2)
A: beak, talons 3, able to fly 1
a: Fly, Renounce Religion


You were on level 5 of the Dungeon.
You worshipped Vehumet.
Vehumet was pleased with you.
You were very hungry.

You visited 1 branch of the dungeon, and saw 6 of its levels.

You collected 225 gold pieces.

Inventory:

Hand Weapons
 i - a +1 spear (weapon)
Missiles
 r - 2 throwing nets (quivered)
Armour
 a - a +1 robe (worn)
 v - a +0 pair of gloves (worn)
Jewellery
 j - a ring of fire (left hand)
 n - an uncursed ring of poison resistance
 q - a ring of magical power (right hand)
Wands
 m - a wand of random effects (47/48)
 p - a wand of polymorph (12/24)
Scrolls
 d - a scroll of noise {unknown}
 g - 5 scrolls of identify
 k - a scroll of enchant armour
 l - a scroll of fear {unknown}
 o - a scroll of amnesia
Potions
 e - 3 potions of heal wounds
 t - a potion of curing
 u - a potion of ambrosia {unknown}
Books
 b - a book of Flames

   Spells                             Type                      Level
   a - Flame Tongue                   Conjuration/Fire             1
   b - Throw Flame                    Conjuration/Fire             2
   c - Conjure Flame                  Conjuration/Fire             3
   d - Inner Flame                    Hexes/Fire                   3
   e - Sticky Flame                   Conjuration/Fire             4
   f - Fireball                       Conjuration/Fire             5
Comestibles
 c - 6 bread rations
 f - 2 royal jellies
 h - 2 meat rations
 s - a fruit


   Skills:
 + Level 6.6 Dodging
 + Level 6.3 Stealth
 + Level 5.4 Spellcasting
 + Level 7.0 Conjurations
 + Level 6.9 Fire Magic


You had 2 spell levels left.
You knew the following spells:

 Your Spells              Type           Power        Failure   Level  Hunger
a - Flame Tongue          Conj/Fire      #####        1%          1    None
b - Throw Flame           Conj/Fire      ######       1%          2    None
c - Conjure Flame         Conj/Fire      ######..     1%          3    ##.....
d - Sticky Flame          Conj/Fire      ######..     6%          4    ####...
e - Fireball              Conj/Fire      ######....   17%         5    #####..
f - Sting                 Conj/Pois      ###.         2%          1    None


Dungeon Overview and Level Annotations

Branches:
Dungeon (6/15)             Temple (0/1) D:6

Altars:
Cheibriados
Elyvilon
Fedhas
Qazlal
Sif Muna
Vehumet
The Shining One

Annotations:
D:6 Dowan, Duvessa


Innate Abilities, Weirdness & Mutations

You have a beak for a mouth.
You have claws for feet.
You can fly.


Message History

Duvessa hits you with an ebony rapier {venom}!
* * * LOW HITPOINT WARNING * * *
You are poisoned.
You feel sick.
Duvessa burns!
There is an escape hatch in the ceiling here.
You feel sick.
Duvessa burns!
Duvessa stops burning.
A mysterious force pulls you upwards. The hatch slams shut behind you.
You feel sick.
You start resting.
You feel sick. x9
A centaur zombie comes into view.
Casting: Flame Tongue
Confirm with . or Enter, or press ? or * to list all spells.
Aiming: Flame Tongue
Press: ? - help, Shift-Dir - straight line, f - centaur zombie
Aim: a centaur zombie (hasn't noticed you)
You feel a surge of power!
The flame tongue hits the centaur zombie.
The centaur zombie is heavily damaged.
The centaur zombie hits you.
You die...

#.# #.#
##...##.##.##.....# #.#
#.####............###.#
#.# #.##........#####.#
#.# #.#
#.##.#.###........# #.#
#.######.##.#.#
##<#####.# #.#
#......#.#.#..# #.# #.#
#.# ######....###.####.#
#.# #.# #....# ##Z....#
###.###.#
#....###@####[###.....#.#
#.###.#...........#.....#
#.# ##.#####..###...#.###
#.# #.# #......<.#.# #.#
#.#####.########.# #.#
#..........# #.# #####.#
#.##.###.#.#####.#
#.....# ##.##.#
#.....>...# #.#####
#.....###...#######


You could see a centaur zombie.

Vanquished Creatures
  The ghost of tarantulino the Carver, a novice TeGl (D:5)
  Grinder (D:4)
  The ghost of Somber the Skirmisher, an amateur MiMo (D:3)
  Sigmund (D:6)
  Eustachio (D:4)
  Purgy (D:3)
  An ice beast (D:6)
  A black bear (D:6)
  2 ogres
  A phantom (D:4)
  A scorpion (D:5)
  A crimson imp (D:6)
  2 hounds
  A centaur skeleton (D:6)
  3 orc priests
  2 gnoll shamans
  2 orc wizards
  Terence (D:3)
  5 worker ants
  16 gnolls
  12 adders
  A shadow imp (D:5)
  6 worms
  2 dart slugs
  7 leopard geckos
  10 orcs
  A ball python (D:2)
  2 giant cockroaches
  3 goblins
  9 hobgoblins
  13 jackals
  9 kobolds
  4 quokkas
  7 bats
  5 frilled lizards
  2 leopard gecko skeletons
  4 rats
142 creatures vanquished.

Notes
Turn   | Place    | Note
-------+----------+-------------------------------------------
     0 | D:1      | kae the Tengu Fire Elementalist began the quest for the Orb.
     0 | D:1      | Reached XP level 1. HP: 10/10 MP: 4/4
   226 | D:1      | Reached skill level 2 in Conjurations
   250 | D:1      | Reached XP level 2. HP: 6/15 MP: 0/6
  1077 | D:2      | Reached XP level 3. HP: 19/19 MP: 2/7
  1095 | D:2      | Learned a level 2 spell: Throw Flame
  1099 | D:2      | Learned a level 3 spell: Conjure Flame
  1818 | D:2      | Reached XP level 4. HP: 8/24 MP: 1/8
  2878 | D:3      | Noticed Purgy
  2894 | D:3      | Killed Purgy
  2894 | D:3      | Reached skill level 3 in Conjurations
  2894 | D:3      | Gained mutation: You can fly. [Tengu growth]
  2894 | D:3      | Reached XP level 5. HP: 28/28 MP: 1/10
  3109 | D:3      | Reached XP level 6. HP: 22/32 MP: 3/11
  3523 | D:3      | Noticed Somber's ghost (amateur MiMo)
  3661 | D:3      | Learned a level 4 spell: Sticky Flame
  3773 | D:3      | Found a radiant altar of Vehumet.
  3791 | D:3      | Became a worshipper of Vehumet
  3887 | D:3      | Noticed Terence
  3897 | D:3      | Killed Terence
  4160 | D:3      | Killed Somber's ghost
  4160 | D:3      | Reached skill level 4 in Conjurations
  4184 | D:3      | Reached XP level 7. HP: 24/36 MP: 1/13
  4341 | D:2      | Found a glowing golden altar of the Shining One.
  5010 | D:3      | Reached skill level 5 in Fire Magic
  5591 | D:4      | Found a white marble altar of Elyvilon.
  5776 | D:4      | Reached skill level 5 in Conjurations
  5947 | D:4      | Reached XP level 8. HP: 41/41 MP: 10/14
  6035 | D:4      | Noticed Eustachio
  6036 | D:4      | Found a snail-covered altar of Cheibriados.
  6042 | D:4      | Killed Eustachio
  6042 | D:4      | Reached skill level 5 in Dodging
  6163 | D:4      | Noticed Grinder
  6167 | D:4      | Paralysed by Grinder for 4 turns
  6179 | D:4      | Killed Grinder
  6179 | D:4      | Reached * piety under Vehumet
  6179 | D:4      | Offered knowledge of Shock by Vehumet.
  6179 | D:4      | Reached skill level 5 in Stealth
  6351 | D:4      | Learned a level 5 spell: Fireball
  6567 | D:5      | Entered Level 5 of the Dungeon
  6572 | D:5      | Noticed tarantulino's ghost (novice TeGl)
  6583 | D:5      | Killed tarantulino's ghost
  6583 | D:5      | Reached skill level 6 in Conjurations
  6780 | D:5      | Found a blossoming altar of Fedhas.
  6785 | D:5      | Found a stormy altar of Qazlal.
  6944 | D:5      | Reached XP level 9. HP: 34/45 MP: 7/17
  7358 | D:5      | Reached skill level 5 in Spellcasting
  7374 | D:5      | Offered knowledge of Sting by Vehumet.
  7485 | D:5      | Learned a level 1 spell: Sting
  7668 | D:6      | Noticed Sigmund
  7675 | D:6      | Killed Sigmund
  7736 | D:6      | Reached ** piety under Vehumet
  8007 | D:6      | Found a deep blue altar of Sif Muna.
  8118 | D:6      | Found a staircase to the Ecumenical Temple.
  8320 | D:6      | Reached skill level 7 in Conjurations
  8528 | D:6      | Noticed Dowan
  8534 | D:6      | Noticed Duvessa
  8568 | D:5      | Slain by a centaur zombie

Skill      XL: |  1  2  3  4  5  6  7  8  9 |
---------------+----------------------------+-----
Conjurations   | 2 3 4 5 6 7 |  7.0
Dodging        | 3 4 5 6 |  6.6
Stealth        | 3 4 5 6 |  6.3
Fire Magic     | 4 5 6 |  6.9
Spellcasting   | 3 4 5 |  5.4

Action                   |  1- 3 |  4- 6 |  7- 9 || total
-------------------------+-------+-------+-------++-------
Melee: Unarmed           |    32 |    13 |       ||    45
       Kick              |     8 |     1 |    12 ||    21
       Peck              |     1 |     2 |    10 ||    13
       Spear             |       |     5 |    75 ||    80
 Cast: Flame Tongue      |    60 |   105 |   167 ||   332
       Conjure Flame     |       |     3 |     7 ||    10
       Throw Flame       |       |     2 |    13 ||    15
       Sticky Flame      |       |       |    14 ||    14
       Sting             |       |       |    15 ||    15
  Use: Scroll            |     1 |     7 |     3 ||    11
       Potion            |       |     2 |       ||     2
 Stab: Sleeping          |     1 |       |     4 ||     5
  Eat: Chunk             |     2 |     7 |    15 ||    24
       Royal jelly       |     1 |       |       ||     1
       Fruit             |       |       |     1 ||     1
Armor: Robe              |    14 |     4 |    16 ||    34
       Skin              |       |    22 |       ||    22
Dodge: Dodged            |    37 |    36 |   130 ||   203
